AoeStats
← darador86

Black Forest

509008484Analyzed
4v4 RM · 8d ago on Sep 25, 2026· 71m 34s· 8 players
Game mode
Random Map
Map size
Large (8 player)
Population
200
Speed
Normal
Resources
Standard
Victory
Conquest
Starting age
Dark Age
Ending age
Imperial Age
RankedLock teamsTeams togetherTeam positionsShared explorationLock speedFull tech treeHidden civsTurbo modeCheats
Victory
Defeat
🇦🇷 Portuguese · Argentina
809
+10
🇺🇸 Lithuanians · United States
757
+12
🇲🇽 Chinese · Mexico
725
+13
🇦🇷 Huns · Argentina
697
+14
🇲🇽 Danes · Mexico
797
-17
🇲🇽 Wu · Mexico
683
-13
🇲🇽 Danes · Mexico
625
-11
🇲🇽 Britons · Mexico
534
-8
timodraw
0:29 Loom
14:54 Feudal Age
16:23 Wheelbarrow
15:34 Double-Bit Axe
15:31 Horse Collar
19:51 Gold Mining
25:28 Castle Age
23:44 Stone Mining
23:29 Man-at-Arms
26:27 Hand Cart
29:21 Pikeman
31:25 Bow Saw
36:44 Imperial Age
36:26 Heavy Plow
37:41 Padded Archer Armor
37:32 Fletching
37:53 Forging
37:43 Scale Mail Armor
37:49 Scale Barding Armor
38:52 Two-Man Saw
37:23 Cavalier
38:03 Husbandry
38:14 Bloodlines
38:54 Gold Shaft Mining
39:15 Conscription
40:25 Leather Archer Armor
41:00 Chain Barding Armor
40:56 Chain Mail Armor
40:41 Bodkin Arrow
44:29 Ballistics
44:42 Ring Archer Armor
44:13 Bracer
44:29 Chain Mail Armor
44:50 Plate Barding Armor
45:39 Halberdier
46:20 Squires
46:01 Elite Chu Ko Nu
47:29 Iron Casting
47:09 Town Watch
49:13 Great Wall
49:41 Fortified Wall
49:24 Arrowslits
49:32 Guard Tower
49:38 Murder Holes
50:46 Blast Furnace
50:18 Plate Mail Armor
50:16 Caravan
52:39 Light Cavalry
55:05 Chemistry
53:46 Elite Fire Lancer
54:13 Arson
53:49 Long Swordsman
54:00 Crossbowman
54:46 Thumb Ring
54:01 Elite Skirmisher
59:07 Bombard Tower
59:22 Keep
58:59 Masonry
58:40 Heated Shot
64:00 Architecture
66:01 Two-Handed Swordsman
68:38 Champion
darador86
12:20 Feudal Age
12:47 Double-Bit Axe
13:20 Horse Collar
18:56 Castle Age
19:09 Pikeman
21:58 Squires
22:31 Husbandry
28:26 Wheelbarrow
27:38 Town Watch
28:20 Bloodlines
27:57 Arson
27:34 Elite Skirmisher
27:35 Crossbowman
28:21 Thumb Ring
29:11 Hand Cart
30:30 Heavy Plow
30:42 Bow Saw
33:07 Caravan
36:14 Imperial Age
34:10 Town Patrol
34:24 Forging
34:24 Murder Holes
34:42 Masonry
35:06 Ballistics
34:53 Scale Mail Armor
34:59 Scale Barding Armor
35:02 Padded Archer Armor
34:59 Fletching
37:55 Iron Casting
37:35 Chain Mail Armor
37:41 Chain Barding Armor
39:09 Chemistry
38:46 Marauders
39:17 Conscription
39:23 Gold Mining
39:24 Stone Mining
40:17 Parthian Tactics
41:20 Guilds
40:51 Heavy Cavalry Archer
42:17 Plate Barding Armor
41:39 Bodkin Arrow
41:44 Elite Tarkan
42:48 Atheism
44:56 Gold Shaft Mining
45:58 Two-Man Saw
ReyEmperador
0:28 Loom
15:35 Feudal Age
16:14 Double-Bit Axe
16:53 Town Watch
19:48 Wheelbarrow
22:02 Horse Collar
22:15 Gold Mining
22:16 Stone Mining
28:22 Castle Age
29:54 Hand Cart
29:40 Town Patrol
29:47 Caravan
35:12 Imperial Age
33:06 Heavy Plow
33:29 Bow Saw
34:20 Stone Shaft Mining
34:39 Ballistics
34:17 Murder Holes
35:04 Fletching
35:15 Padded Archer Armor
35:28 Forging
35:27 Scale Mail Armor
39:04 Chemistry
37:46 Treadmill Crane
39:49 Bombard Tower
40:38 Conscription
40:49 Leather Archer Armor
40:29 Bodkin Arrow
40:45 Arquebus
40:11 Man-at-Arms
40:37 Gambesons
40:52 Long Swordsman
41:17 Gambesons
40:53 Pikeman
41:18 Arson
41:45 Two-Handed Swordsman
41:45 Halberdier
43:13 Thumb Ring
43:11 Bracer
43:52 Iron Casting
43:52 Ring Archer Armor
43:38 Chain Mail Armor
43:51 Champion
47:01 Blast Furnace
46:08 Scale Barding Armor
48:57 Coinage
49:29 Guilds
52:59 Banking
VersedSeal9311
0:40 Loom
12:39 Feudal Age
13:11 Horse Collar
18:10 Castle Age
17:43 Gold Mining
18:55 Double-Bit Axe
20:52 Bow Saw
23:52 Caravan
25:00 Stone Mining
26:38 Wheelbarrow
26:35 Heavy Plow
30:08 Ballistics
29:45 Murder Holes
30:19 Hand Cart
30:44 Forging
31:23 Husbandry
31:34 Bloodlines
30:46 Elite Skirmisher
30:52 Pikeman
32:11 Iron Casting
33:21 Stone Shaft Mining
33:01 Masonry
36:33 Imperial Age
34:53 Treadmill Crane
35:24 Fortified Wall
35:19 Hill Forts
35:21 Squires
35:07 Arson
35:32 Thumb Ring
36:28 Fletching
36:44 Scale Barding Armor
36:41 Padded Archer Armor
36:39 Onager
37:47 Conscription
36:50 Cavalier
38:27 Crop Rotation
39:35 Chemistry
41:34 Two-Man Saw
41:42 Tower Shields
41:20 Paladin
42:35 Heated Shot
43:08 Halberdier
43:15 Light Cavalry
45:14 Winged Hussar
56:19 Chain Barding Armor
55:55 Bodkin Arrow
56:01 Scale Mail Armor
56:16 Leather Archer Armor
57:10 Elite Leitis
60:07 Plate Barding Armor
59:33 Bracer
aluv145
0:42 Loom
17:42 Feudal Age
24:28 Castle Age
22:37 Double-Bit Axe
26:25 Town Watch
30:26 Horse Collar
32:16 Stone Mining
32:17 Gold Mining
32:31 Heavy Plow
32:46 Forging
32:28 Fletching
32:40 Padded Archer Armor
32:50 Town Watch
34:04 Gold Shaft Mining
37:19 Imperial Age
38:32 Onager
39:45 Bloodlines
39:36 Husbandry
40:50 Wheelbarrow
41:29 Bodkin Arrow
42:09 Iron Casting
41:42 Scale Barding Armor
41:53 Crossbowman
43:50 Heavy Hei Guang Cavalry
44:43 Arbalester
46:06 Conscription
45:50 Red Cliffs Tactics
47:26 Hand Cart
47:21 Bracer
48:23 Blast Furnace
47:39 Leather Archer Armor
47:53 Ballistics
47:34 Murder Holes
48:51 Elite Fire Archer
50:28 Sitting Tiger
51:18 Heated Shot
52:30 Chemistry
56:36 Chain Barding Armor
66:43 Light Cavalry
69:46 Squires
Daiceman8175
0:47 Loom
15:29 Feudal Age
18:58 Horse Collar
19:05 Double-Bit Axe
23:52 Castle Age
23:27 Gold Mining
23:30 Stone Mining
24:18 Wheelbarrow
23:48 Fletching
23:59 Padded Archer Armor
24:38 Crossbowman
25:35 Bow Saw
25:30 Heavy Plow
28:24 Elite Skirmisher
30:38 Gold Shaft Mining
32:08 Bodkin Arrow
32:29 Leather Archer Armor
33:05 Hand Cart
34:18 Heated Shot
34:53 Ballistics
36:30 Caravan
36:33 Town Watch
41:38 Imperial Age
40:26 Town Patrol
40:38 Husbandry
42:34 Yeomen
42:20 Bracer
42:50 Ring Archer Armor
43:38 Chemistry
43:15 Conscription
43:40 Elite Longbowman
45:51 Warwolf
49:31 Onager
50:31 Pikeman
50:56 Gambesons
51:12 Squires
52:17 Halberdier
55:04 Sappers
56:49 Siege Engineers
57:10 Cavalier
trujic93
0:59 Loom
11:57 Feudal Age
12:43 Double-Bit Axe
13:08 Horse Collar
20:46 Scale Mail Armor
23:10 Castle Age
20:49 Man-at-Arms
24:10 Wheelbarrow
24:01 Forging
24:04 Bow Saw
24:32 Long Swordsman
27:14 Caravan
28:54 Town Watch
30:12 Stone Mining
38:43 Imperial Age
37:00 Stone Shaft Mining
36:15 Gold Mining
36:32 Hamask
37:07 Gambesons
38:25 Ballistics
39:04 Gold Shaft Mining
39:22 Thumb Ring
39:21 Padded Archer Armor
39:12 Fletching
39:08 Onager
40:17 Hand Cart
41:06 Conscription
41:13 Fervor
41:11 Devotion
41:40 Illumination
43:04 Chemistry
41:54 Heated Shot
42:00 Murder Holes
42:16 Masonry
42:09 Arrowslits
43:05 Town Patrol
43:22 Chain Mail Armor
43:43 Iron Casting
45:11 Coinage
44:48 Heavy Plow
45:03 Siege Engineers
44:55 Pikeman
44:57 Elite Varangian Guard
44:58 Two-Handed Swordsman
46:02 Siege Onager
47:24 Arson
47:40 Squires
47:22 Halberdier
49:11 Elite Jomsviking
49:13 Northmen's Fury
49:17 Champion
50:45 Leather Archer Armor
50:26 Bodkin Arrow
50:37 Scale Barding Armor
51:02 Plate Mail Armor
64:00 Hoardings
Danielovs9
0:26 Loom
14:07 Feudal Age
15:07 Double-Bit Axe
15:06 Horse Collar
15:18 Gold Mining
20:24 Castle Age
19:56 Stone Mining
21:38 Bow Saw
22:06 Gold Shaft Mining
21:33 Heavy Plow
24:10 Wheelbarrow
27:21 Stone Shaft Mining
27:47 Hand Cart
33:16 Imperial Age
32:28 Forging
32:18 Scale Mail Armor
32:24 Scale Barding Armor
34:19 Iron Casting
35:20 Conscription
34:21 Hamask
34:42 Northmen's Fury
36:21 Elite Jomsviking
37:15 Husbandry
36:35 Light Cavalry
37:26 Bloodlines
37:38 Chain Mail Armor
37:24 Padded Archer Armor
41:29 Blast Furnace
41:15 Plate Mail Armor
41:06 Chain Barding Armor
40:33 Elite Skirmisher
41:19 Thumb Ring
41:46 Pikeman
42:04 Crossbowman
42:06 Cranequins
44:20 Caravan
47:05 Chemistry
46:26 Ballistics
45:52 Arrowslits
45:57 Guard Tower
45:58 Heated Shot
49:09 Plate Barding Armor
48:49 Leather Archer Armor
48:25 Fletching
50:29 Heavy Scorpion
Connection lost

Rejoining the realm…

Still unreachable

The connection could not be restored.

Session expired

The server has moved on; the page needs a fresh start.